Map: Blueshift LE

Players

LtCdPlagueis

  • Race: Terran Terran
  • League: Master
  • Spawn Location: 7:00

FLORENCIO - Winner!

  • Race: Protoss Protoss
  • League: Master
  • Spawn Location: 1:00

VOD

Have the link to the VOD?

Description

Time

  • Played on: Oct. 23, 2018, 9:09 p.m.
  • Length: 10:40
Show
View Real Time Build Order
Export as new Build Order

LtCdPlagueis Terran 

Build Orders: Cyclone Opening 

Get SALT Encoding   

  12  0:00  SCV  
  13  0:13  SCV  
  14  0:17  Supply Depot  
  14  0:25  SCV  
  15  0:39  Barracks, SCV  
  16  0:44  Refinery  
  16  0:51  SCV  
  16  0:54  Refinery  
  17  1:04  SCV  
  18  1:28  Marine, Orbital Command  
  19  1:40  Factory  
  19  1:54  SCV  
  20  2:06  SCV  
  20  2:26  Orbital Command  
  12  2:51  Bunker  
  12  2:53  Cyclone  
  12  2:54  SCV  
  14  3:06  SCV  
  12  3:18  SCV  
  12  3:30  SCV  
  13  3:42  SCV  
  14  3:52  Supply Depot  
  14  3:54  SCV  
  15  4:02  Refinery  
  15  4:08  Orbital Command  
  14  4:14  Cyclone  
  16  4:35  SCV  
  17  4:47  SCV  
  18  4:59  SCV  
  19  5:00  Refinery  
  19  5:05  Refinery  
  19  5:11  SCV  
  20  5:23  SCV  
  21  5:35  SCV  
  22  5:53  Supply Depot  
  19  6:01  Starport  
  19  6:04  Barracks Tech Lab  
  18  6:15  SCV  
  19  6:27  SCV  
  20  6:36  Cyclone  
  23  6:49  Supply Depot  
  20  7:11  SCV  
  21  7:18  Banshee  
  20  7:23  SCV  
  21  7:35  SCV  
  22  7:41  Starport  
  22  7:47  SCV  
  23  7:53  Barracks Tech Lab  
  23  8:02  Supply Depot  
  23  8:15  SCV  
  23  8:19  Viking  
  23  8:28  SCV  
  26  8:40  SCV  
  22  8:48  Factory  
  22  8:52  SCV  
  21  9:04  SCV  
  19  9:16  SCV  
Show
View Real Time Build Order
Export as new Build Order

FLORENCIO Protoss - Winner!

Build Orders: Cannon Rush 

Get SALT Encoding   

  12  0:01  Probe  
  13  0:13  Probe  
  14  0:18  Pylon  
  14  0:25  Probe  
  15  0:37  Probe  
  15  0:39  Forge  
  16  0:49  Probe  
  17  0:56  Pylon  
  17  1:03  Probe  
  18  1:16  Photon Cannon  
  18  1:25  Gateway  
  18  1:29  Pylon  
  18  1:48  Photon Cannon  
  18  1:51  Photon Cannon  
  18  1:53  Photon Cannon  
  18  2:03  Zealot  
  18  2:04  Photon Cannon  
  20  2:37  Zealot  
  20  2:42  Assimilator  
  22  2:46  Cybernetics Core  
  22  3:08  Pylon  
  21  3:18  Zealot  
  21  3:25  Probe, Assimilator  
  22  3:35  Photon Cannon  
  22  3:37  Probe  
  23  3:44  Photon Cannon  
  23  3:46  Probe  
  25  3:54  Probe  
  27  4:07  Pylon  
  27  4:08  Photon Cannon  
  27  4:20  Stalker  
  23  4:39  Probe  
  23  4:40  Stalker  
  23  4:41  Photon Cannon  
  23  4:44  Stargate  
  24  4:47  Probe  
  27  4:57  Probe  
  28  5:01  Shield Battery  
  28  5:03  Stalker  
  30  5:28  Void Ray  
  34  5:33  Stalker  
  34  6:11  Void Ray  
  38  6:17  Pylon  
  38  6:23  Pylon  
  38  6:51  Void Ray  
  40  7:20  Void Ray  
  36  7:34  Pylon  
  36  7:36  Pylon  
  40  7:48  Nexus  
  40  7:50  Pylon  
  40  7:51  Pylon  
  40  7:59  Void Ray  
  44  8:21  Probe  
  45  8:42  Void Ray  
  49  9:06  Gateway  
  49  9:08  Gateway  
  49  9:12  Gateway  
  49  9:25  Void Ray  
Tags
 
Add a new tag
Caveats
  • Supply blocks, unpowered buildings, or Contaminate may cause inaccurate times.
  • Supply counts are checked every 10 seconds.